 Dungeon Crawl Stone Soup version 0.28.0-62-gf88900778d (webtiles) character file.

Game seed: 10780996945308919064

3350 AarnesTheHuman the Blocker (level 10, -3/83 HPs)
             Began as a Formicid Fighter on Mar 17, 2023.
             Was a Follower of Makhleb.
             Slain by an eight-headed hydra (8 damage)
             ... on level 6 of the Dungeon.
             The game lasted 00:16:01 (11346 turns).

AarnesTheHuman the Blocker (Formicid Fighter)      Turns: 11346, Time: 00:16:01

Health: -3/83      AC: 18    Str: 26    XL:     10   Next: 22%
Magic:  0/15       EV:  8    Int:  7    God:    Makhleb [*.....]
Gold:   169        SH:  6    Dex: 10    Spells: 9/9 levels left

rFire   . . .      SeeInvis +   a - +1 quarterstaff
rCold   + . .      Faith    .   c - +0 buckler
rNeg    . . .      Spirit   +   s - +0 chain mail
rPois   .          Reflect  .   (helmet unavailable)
rElec   .          Harm     .   o - +0 cloak
rCorr   .          Rampage  .   t - +0 pair of gloves
Will    +....                   (no boots)
Stlth   ..........              l - amulet of guardian spirit
HPRegen 0.23/turn               q - +4 ring of protection
MPRegen 0.14/turn               x - ring of protection from cold

@: mighty
A: permanent stasis, dig shafts and tunnels, antennae 3, four strong arms
a: Dig, Shaft Self, Renounce Religion


You were on level 6 of the Dungeon.
You worshipped Makhleb.
Makhleb was aware of your devotion.
You visited 2 branches of the dungeon, and saw 7 of its levels.
You also visited: Sewer.

You collected 169 gold pieces.

Inventory:

Hand Weapons
 a - a +1 quarterstaff (weapon)
 g - a +2 vampiric dagger
Missiles
 j - 12 poisoned darts (quivered)
 y - a throwing net
Armour
 b - a +0 scale mail
 c - a +0 buckler (worn)
 i - a +1 leather armour of cold resistance
 o - a +0 cloak (worn)
 r - a +0 helmet
 s - a +0 chain mail (worn)
 t - a +0 pair of gloves (worn)
Jewellery
 l - an amulet of guardian spirit (around neck)
 q - a +4 ring of protection (left hand)
 x - a ring of protection from cold (right hand)
 A - a ring of poison resistance
Wands
 p - a wand of flame (30)
 v - a wand of digging (1)
Scrolls
 e - a scroll of vulnerability
Potions
 f - 3 potions of brilliance
 h - a potion of heal wounds
 k - 7 potions of curing
 m - 2 potions of attraction
 n - a potion of mutation
 u - a potion of resistance
 w - a potion of degeneration {unknown}
 z - 2 potions of flight


   Skills:
 + Level 9.1 Fighting
 + Level 8.0 Staves
 - Level 8.9 Armour
 + Level 1.2 Dodging
 - Level 9.7 Shields
 + Level 7.2 Invocations


You had 9 spell levels left.
You didn't know any spells.
Your spell library contained the following spells:

 Spells                   Type           Power      Damage    Failure   Level
 Sandblast                Erth           0%         2d4       95%         1
 Passwall                 Tmut/Erth      0%         N/A       99%         2
 Stone Arrow              Conj/Erth      0%         3d7       100%        3


Dungeon Overview and Level Annotations

Branches:
Dungeon (6/15)             Temple (1/1) D:5           Sewer (visited)

Altars:
Ashenzari
Cheibriados
Dithmenos
Elyvilon
Gozag
Hepliaklqana
Makhleb
Ru
Sif Muna
Trog
Vehumet
Wu Jian
Xom
Yredelemnul
Zin
The Shining One

Shops:
D:4 !


Innate Abilities, Weirdness & Mutations

You cannot be hasted, slowed, berserked, paralysed or teleported.
You can dig through walls and to a lower floor.
You have a pair of large antennae on your head. (SInv)
Your four strong arms can wield two-handed weapons with a shield.


Message History

* * * LOW HITPOINT WARNING * * *
The eight-headed hydra bites you but does no damage. x2
You barely miss the eight-headed hydra.
The eight-headed hydra is heavily wounded.
The eight-headed hydra bites you but does no damage.
You block the eight-headed hydra's attack.
The eight-headed hydra bites you!
* * * LOW HITPOINT WARNING * * *
The eight-headed hydra barely misses you.
The eight-headed hydra bites you but does no damage. x4
Throw: throwing net
Press: ? - help, Shift-Dir - straight line, f - eight-headed hydra
Aim: an eight-headed hydra (heavily wounded, 79% to hit, immune to nets)
Okay, then.
Unknown command.
You feel much better.
You block the eight-headed hydra's attack.
The eight-headed hydra bites you but does no damage.
The eight-headed hydra bites you!
* * * LOW HITPOINT WARNING * * *
You block the eight-headed hydra's attack.
The eight-headed hydra bites you.
* * * LOW HITPOINT WARNING * * *
The eight-headed hydra bites you.
* * * LOW HITPOINT WARNING * * *
The eight-headed hydra bites you but does no damage. x2
You hit the eight-headed hydra.
The eight-headed hydra is severely wounded.
You sock the eight-headed hydra!
The eight-headed hydra is almost dead.
The eight-headed hydra bites you but does no damage.
You block the eight-headed hydra's attack.
The eight-headed hydra barely misses you.
The eight-headed hydra bites you.
* * * LOW HITPOINT WARNING * * *
The eight-headed hydra bites you.
* * * LOW HITPOINT WARNING * * *
The eight-headed hydra bites you but does no damage.
The eight-headed hydra bites you!
You die...

.##.................####...##.
.................#.# #...##.
.##...............#.####...##.
#...............+....'...##.
..#########......#..###...##.
.. #......#........#.. .
#.)....#..#######..
....###......#...# #..
.......D@....#.#.## #..
.......#####.#.#..# ###
....... .#.##.## ....... #.
#..# '##.... #. ##'######
...... #. #........ ?...... #.
#........ ....... #........
#........


You could see an eight-headed hydra.

Vanquished Creatures
  2 ice beasts
  A sky beast (D:5)
  A necrophage (D:6)
  3 ogres
  A kobold brigand (Sewer)
  A bullfrog (D:6)
  2 scorpions (D:5)
  2 bullfrog zombies (D:5)
  A hound (D:5)
  A centaur zombie (D:5)
  11 jellies
  2 orc priests
  A bullfrog skeleton (D:5)
  A gnoll shaman (D:5)
  An iguana (D:4)
  2 orc wizards
  A killer bee zombie (D:6)
  2 hound zombies (D:5)
  Robin (D:4)
  6 gnolls
  5 adders
  2 river rats (Sewer)
  A white imp (D:4)
  An ufetubus (D:5)
  An adder zombie (D:3)
  2 adder skeletons (D:4)
  2 worms
  2 dart slugs (D:3)
  5 orcs
  6 ball pythons
  3 bats (D:1)
  8 endoplasms
  3 giant cockroaches
  11 goblins
  15 hobgoblins
  4 jackals
  8 kobolds
  2 quokkas
  5 frilled lizards
  11 rats
140 creatures vanquished.

Notes
Turn   | Place    | Note
-------+----------+-------------------------------------------
     0 | D:1      | AarnesTheHuman the Formicid Fighter began the quest for the
                  | Orb.
     0 | D:1      | Reached XP level 1. HP: 18/18 MP: 1/1
   193 | D:1      | Reached XP level 2. HP: 24/24 MP: 2/2
   477 | D:1      | Reached XP level 3. HP: 29/29 MP: 3/3
   751 | D:1      | Found a faded altar of an unknown god.
  1301 | D:2      | Reached XP level 4. HP: 35/37 MP: 4/4
  2912 | D:4      | Found Tuba's Distillery.
  2938 | D:4      | Reached XP level 5. HP: 35/42 MP: 5/5
  3045 | D:4      | Noticed an ogre
  3051 | D:4      | Killed an ogre
  3052 | D:4      | Reached XP level 6. HP: 49/49 MP: 6/6
  3092 | D:4      | Found a broken altar of Ashenzari.
  3110 | D:4      | Reached skill level 5 in Shields
  3161 | D:4      | Found a radiant altar of Vehumet.
  3304 | D:4      | Noticed Robin
  3320 | D:4      | Killed Robin
  3729 | D:4      | Reached XP level 7. HP: 20/55 MP: 7/7
  3993 | D:4      | HP: 2/55 [acid (7)]
  5637 | D:3      | Reached skill level 5 in Fighting
  5637 | D:3      | Reached skill level 5 in Armour
  5815 | D:4      | Found a bloodstained altar of Trog.
  5835 | D:4      | Found an ornate altar of the Wu Jian Council.
  7017 | D:4      | Found Tuba's Distillery.
  7042 | D:4      | Found a bloodstained altar of Trog.
  7136 | D:4      | Found a radiant altar of Vehumet.
  7434 | D:5      | Entered Level 5 of the Dungeon
  8743 | D:5      | Reached XP level 8. HP: 56/63 MP: 8/8
  9499 | D:5      | Reached skill level 5 in Staves
  9522 | D:5      | Found a staircase to the Ecumenical Temple.
  9587 | Temple   | Entered the Ecumenical Temple
  9814 | Temple   | Became a worshipper of Makhleb the Destroyer
  9904 | D:5      | Found an opulent altar of Gozag.
  9956 | D:5      | Reached skill level 1 in Invocations
 10249 | D:5      | Found a basalt altar of Yredelemnul.
 10343 | D:5      | Reached XP level 9. HP: 37/71 MP: 7/10
 10627 | D:5      | Found a glowing silver altar of Zin.
 10753 | D:6      | Reached XP level 10. HP: 82/82 MP: 10/15
 10930 | D:6      | Found a glowing drain.
 10979 | Sewer    | Entered a sewer
 11000 | Sewer    | Reached * piety under Makhleb
 11138 | Sewer    | Found a white marble altar of Elyvilon.
 11309 | D:6      | Reached skill level 1 in Dodging
 11334 | D:6      | Noticed an eight-headed hydra
 11343 | D:6      | HP: 4/83 [eight-headed hydra (7)]
 11346 | D:6      | Slain by an eight-headed hydra

Illustrated notes

Levels and vault maps discovered:
D:1:      moated_graveyard_arrival, layout_loops_ring,
          ebering_ecumenical_altar_rust, minmay_misc_feat_x,
          minmay_misc_feat_five, grunt_decor_mini_mirrors
D:2:      layout_basic
D:3:      layout_basic
D:4:      nicolae_cairo_tiling_large, layout_basic, vehumet_altar_wand_db,
          lemuel_crystal_altar, mainiacjoe_overflow_swirl, serial_shops, shop,
          uniq_robin
D:5:      layout_loops_cross, pdpol_temple_overflow_zin_treasury_gozag_greed,
          lemuel_zombie_altar_yredelemnul, minmay_temple_entry_enclosed_plants
D:6:      layout_basic, portal_sewer_entry_d
Temple:   jpeg_temple_island

Skill      XL: |  1  2  3  4  5  6  7  8  9 10 |
---------------+-------------------------------+-----
Shields        | 4 5 6 7 9 |  9.7
Fighting       | 4 5 6 8 9 |  9.1
Armour         | 4 5 6 8 |  8.9
Staves         | 3 4 5 7 8 |  8.0
Invocations    | 2 6 7 |  7.2
Dodging        | 1 |  1.2

Action                   |  1- 3 |  4- 6 |  7- 9 | 10-12 || total
-------------------------+-------+-------+-------+-------++-------
Melee: Quarterstaff      |   104 |   159 |   242 |    95 ||   600
Throw: Dart              |       |       |    10 |     1 ||    11
  Use: Scroll            |       |     6 |     8 |       ||    14
       Potion            |       |       |     1 |     2 ||     3
Armor: Scale mail        |    41 |    56 |     6 |       ||   103
       Chain mail        |       |       |   110 |    81 ||   191
Dodge: Dodged            |    33 |    52 |    73 |    36 ||   194
Block: Buckler           |    24 |    35 |    54 |    27 ||   140
